 Dungeon Crawl Stone Soup version 0.31.0-32-g396128a36d (webtiles) character file.

Game seed: 10786184812567223400

11910 adizb the Grappler (level 11, -5/105 HPs)
             Began as a Troll Shapeshifter on Mar 19, 2024.
             Was a High Priest of Cheibriados.
             Slain by an eight-headed hydra (12 damage)
             ... on level 3 of the Lair of Beasts.
             The game lasted 00:43:09 (6750 turns).

adizb the Grappler (Troll Shapeshifter)             Turns: 6750, Time: 00:43:09

Health: -5/105     AC:  7    Str: 41    XL:     11   Next: 55%
Magic:  14/14      EV: 14    Int: 19    God:    Cheibriados [*****.]
Gold:   592        SH:  0    Dex: 22    Spells: 10/10 levels left

rFire   + .          .
                       - Unarmed
rCold   + . .        (no shield)
rNeg    . . .        a - +1 animal skin
rPois   .            (helmet currently unavailable)
rElec   .            (cloak currently unavailable)
rCorr   .            (gloves unavailable)
SInv    .            (boots unavailable)
Will    .....        (no amulet)
Stlth   ++           M - ring of protection from cold
HPRegen 1.17/turn    y - ring of protection from fire
MPRegen 0.14/turn

%: no passive effects
@: beast-form, very slow
A: beast (slay +4), large, unfitting armour, claws 3, regeneration 1, shaggy fur
1, tough skin 1, iridescent scales 1, subdued magic 1
a: Begin Untransformation, Renounce Religion, Bend Time, Temporal Distortion,
Slouch, Step From Time


You were on level 3 of the Lair of Beasts.
You worshipped Cheibriados.
Cheibriados was extremely pleased with you.
You were a hulking beast.
You visited 2 branches of the dungeon, and saw 13 of its levels.
You also visited: Ossuary.

You collected 616 gold pieces.
You spent 24 gold pieces at shops.

Inventory:

Missiles
 m - 3 javelins
 s - 4 silver javelins
 v - 19 boomerangs (quivered)
 D - a curare-tipped dart
Armour
 a - a +1 animal skin (worn)
 i - an orb of wrath
 n - a +0 cloak
 u - the +3 hat of Pondering {ponderous, Will+ MP+10 Int+5}
   (You took it off Gastronok on level 1 of the Lair of Beasts)

   Int+5:     It affects your intelligence (+5).
   Will+:     It increases your willpower.
   MP+10:     It affects your magic capacity (+10).
 C - a scarf of harm
Jewellery
 y - a ring of protection from fire (right claw)
 B - a ring of wizardry
 M - a ring of protection from cold (left claw)
Talismans
 c - a beast talisman
 d - a flux talisman
 K - a dragon-blood talisman
Wands
 w - a wand of paralysis (16)
 I - a wand of roots (23)
Scrolls
 f - 3 scrolls of fear
 j - 5 scrolls of revelation
 k - 5 scrolls of teleportation
 o - 2 scrolls of poison
 q - a scroll of identify
 x - a scroll of blinking
 A - 6 scrolls of noise
 H - 6 scrolls of fog
Potions
 b - 2 potions of lignification
 e - 3 potions of haste {unknown}
 g - 4 potions of curing
 h - 2 potions of might
 l - 3 potions of attraction {unknown}
 p - 6 potions of heal wounds
 r - a potion of cancellation {unknown}
 t - 3 potions of ambrosia
 z - a potion of resistance {unknown}
 E - a potion of mutation
 F - 2 potions of berserk rage {unknown}
 L - a potion of invisibility {unknown}


   Skills:
 + Level 6.3 Fighting
 + Level 6.5 Dodging
 + Level 9.8 Unarmed Combat
 + Level 6.0 Invocations
 * Level 9.8 Shapeshifting


You had 10 spell levels left.
You didn't know any spells.
Your spell library contained the following spells:

 Spells                   Type           Power      Damage    Failure   Level
 Magic Dart               Conj           0%         1d3       17%         1
 Shock                    Conj/Air       0%         1d3       17%         1
 Blink                    Tloc           0%         N/A       26%         2
 Call Imp                 Summ           0%         N/A       26%         2
 Mercury Vapours          Alch/Air       0%         N/A       26%         2
 Dazzling Flash           Conj/Hex       0%         N/A       47%         3
 Mephitic Cloud           Conj/Alch/Air  0%         N/A       47%         3
 Swiftness                Air            0%         N/A       47%         3
 Airstrike                Air            0%         2d(0-16)  88%         4
 Curse of Agony           Necr           0%         N/A       99%         5
 Freezing Cloud           Conj/Ice/Air   0%         6-21      99%         5
 Silence                  Hex/Air        0%         N/A       99%         5


Dungeon Overview and Level Annotations

Branches:
Dungeon (10/15)            Temple (0/1) D:7            Lair (3/5) D:10
Ossuary (visited)
  Swamp: Lair:2-3    Shoals: Lair:2-3     Snake: Lair:2-3    Spider: Lair:2-3
    Orc: D:9-12

Altars:
Ashenzari
Cheibriados
Dithmenos
Gozag
Okawaru
Sif Muna
Trog
Wu Jian
Xom
Yredelemnul
Zin
The Shining One

Shops:
D:3 (   D:5 [   D:10 *

Annotations:
D:8 3 runed translucent doors, Consumeair16's ghost, novice DrFi


Innate Abilities, Weirdness & Mutations

You are a hulking beast.
Your limbs bulge with bestial killing power. (Slay +4)
You are too large for most types of armour.
You have claws for hands.
Your natural rate of healing is unusually fast.
You are covered in fur. (AC +1)
You have tough skin. (AC +1)
You are partially covered in iridescent scales. (AC +2)
Your spells are a little easier to cast, but a little less powerful.


Message History

The six-headed hydra bites you! x2; The six-headed hydra bites you.
The six-headed hydra bites you!
* * * LOW HITPOINT WARNING * * *
As you read the scroll of fear, it crumbles to dust.
You assume a fearsome visage.
The six-headed hydra looks frightened!
Throw: 19 boomerangs
Press: ? - help, Q - select action, (/) - cycle Shift-Dir - straight line, f - six-headed hydra
Aim: a six-headed hydra (heavily wounded, fleeing, 83% to hit)
You throw a boomerang.
The boomerang hits the six-headed hydra!
Your attack snaps the six-headed hydra out of its fear.
The six-headed hydra is severely wounded.
Okay, then.
Okay, then.
You feel much better.
The six-headed hydra bites you but does no damage.
The six-headed hydra bites you. The six-headed hydra barely misses you.
The six-headed hydra closely misses you.
The six-headed hydra misses you.
The six-headed hydra bites you but does no damage.
You tear one of the six-headed hydra's heads off!
The five-headed hydra grows two more!
You mangle the seven-headed hydra!!
The seven-headed hydra is almost dead.
The seven-headed hydra bites you. The seven-headed hydra bites you! x2
* * * LOW HITPOINT WARNING * * *
The seven-headed hydra closely misses you.
The seven-headed hydra bites you!
* * * LOW HITPOINT WARNING * * *
The seven-headed hydra barely misses you.
The seven-headed hydra bites you but does no damage.
You rip one of the seven-headed hydra's heads off!
The six-headed hydra grows two more!
You claw the eight-headed hydra!
The eight-headed hydra is severely wounded.
The eight-headed hydra bites you but does no damage.
The eight-headed hydra completely misses you.
The eight-headed hydra closely misses you.
The eight-headed hydra bites you!
* * * LOW HITPOINT WARNING * * *
The eight-headed hydra bites you!
You die...

........................#
##.....................#
#.....................
##....................
#...................#
##..................##
####.................#.#
# #P.............D.....#
# ##............h##......
## ####.##......## #.....
.# ###.#...##.# ##... ##
####...## ## .. .#
##......# . ####
#.#..P### ...###...###
P........# #.......##


You could see an eight-headed hydra.

Vanquished Creatures
  Gastronok (Lair:1)
  Urug (Lair:1)
  Pikel (D:7)
  A rime drake (Lair:3)
  An unseen horror zombie (D:9)
  A komodo dragon (Lair:1)
  A troll (D:9)
  A polar bear (Lair:3)
  2 slime creatures (D:6)
  2 wyverns
  A steam dragon (D:9)
  23 yaks
  Menkaure (D:7)
  A water moccasin (Lair:1)
  2 ice beasts
  4 sky beasts
  4 orc warriors
  A black bear (Lair:3)
  2 centaurs
  2 phantoms
  2 lemures (D:7)
  A weeping skull (Ossuary)
  4 kobold brigands
  6 bullfrogs
  A gnoll sergeant (D:6)
  5 wights (D:9)
  A burial acolyte (Ossuary)
  19 killer bees
  2 howler monkeys
  A centaur zombie (D:9)
  2 hounds
  4 jellies (D:6)
  A bombardier beetle (D:5)
  7 orc priests
  10 orc wizards
  Ijyb (D:5)
  2 iguanas
  3 mummies (Ossuary)
  Robin (D:2)
  2 adders (D:2)
  4 gnolls (D:6)
  A white imp (D:5)
  6 ufetubi
  A ribbon worm (D:3)
  A dart slug (D:1)
  39 orcs
  6 ball pythons
  11 endoplasms
  2 giant cockroaches (D:4)
  3 gnoll zombies (Ossuary)
  12 goblins
  4 hobgoblins
  6 quokkas
  12 bats
  2 frilled lizards
  16 kobolds
  4 kobold zombies (Ossuary)
  An orc zombie (Ossuary)
  7 rats
266 creatures vanquished.

Notes
Turn   | Place    | Note
-------+----------+-------------------------------------------
     0 | D:1      | adizb the Troll Shapeshifter began the quest for the Orb.
     0 | D:1      | Reached XP level 1. HP: 18/18 MP: 0/0
     6 | D:1      | Noticed a swamp drake
     6 | D:1      | Noticed an anaconda
     6 | D:1      | Noticed a brain worm
     6 | D:1      | Noticed a hog
   211 | D:1      | Reached skill level 1 in Fighting
   261 | D:1      | Reached XP level 2. HP: 27/27 MP: 1/1
   607 | D:2      | Identified the +2 leather armour of Vyogoutaubb {rF+ Int-3
                  | Dex+5 Stlth+}
   666 | D:2      | Reached XP level 3. HP: 31/33 MP: 2/2
   671 | D:2      | Noticed Robin
   679 | D:2      | Killed Robin
  1053 | D:2      | Reached XP level 4. HP: 40/41 MP: 3/3
  1161 | D:3      | Found Notaim's Weapon Shoppe.
  1805 | D:3      | Reached XP level 5. HP: 42/49 MP: 4/4
  1924 | D:4      | Found a snail-covered altar of Cheibriados.
  1966 | D:4      | Became a worshipper of Cheibriados the Contemplative
  2198 | D:4      | Reached XP level 6. HP: 45/57 MP: 5/5
  2288 | D:5      | Entered Level 5 of the Dungeon
  2320 | D:5      | Found Oquekog's Armour Boutique.
  2415 | D:5      | Noticed Ijyb
  2418 | D:5      | Paralysed by Ijyb for 3 turns
  2423 | D:5      | Killed Ijyb
  2424 | D:5      | Reached skill level 5 in Unarmed Combat
  2443 | D:5      | Reached * piety under Cheibriados
  2869 | D:6      | Reached XP level 7. HP: 40/66 MP: 6/6
  2914 | D:6      | Reached skill level 1 in Invocations
  3165 | D:6      | HP: 2/100 [kobold brigand/+0 club (6)]
  3176 | D:6      | Reached skill level 5 in Shapeshifting
  3225 | D:6      | Noticed a slime creature
  3230 | D:6      | Reached XP level 8. HP: 72/75 MP: 8/8
  3238 | D:6      | Killed a slime creature
  3238 | D:6      | Noticed a slime creature
  3243 | D:6      | Killed a slime creature
  3245 | D:6      | Reached ** piety under Cheibriados
  3261 | D:6      | Found an iron altar of Okawaru.
  3261 | D:6      | Found an ornate altar of the Wu Jian Council.
  3261 | D:6      | Found an ornate altar of the Wu Jian Council.
  3261 | D:6      | Found a snail-covered altar of Cheibriados.
  3261 | D:6      | Found a glowing golden altar of the Shining One.
  3261 | D:6      | Found a shimmering altar of Xom.
  3397 | D:6      | Found a shimmering blue altar of Sif Muna.
  3432 | D:6      | Found an opulent altar of Gozag.
  3727 | D:7      | Found a bloodstained altar of Trog.
  3727 | D:7      | Found a glowing silver altar of Zin.
  3796 | D:7      | Reached XP level 9. HP: 62/84 MP: 10/10
  3845 | D:7      | Reached *** piety under Cheibriados
  3876 | D:7      | Found a sand-covered staircase.
  3881 | Ossuary  | Entered an ossuary
  4060 | D:7      | Noticed Pikel
  4073 | D:7      | Killed Pikel
  4116 | D:7      | Found a staircase to the Ecumenical Temple.
  4119 | D:7      | Noticed Menkaure
  4132 | D:7      | Reached skill level 5 in Dodging
  4136 | D:7      | Killed Menkaure
  4143 | D:7      | HP: 2/85 [orc warrior/+0 halberd (16)]
  4705 | D:7      | Reached XP level 10. HP: 86/94 MP: 12/12
  4722 | D:7      | Reached **** piety under Cheibriados
  4838 | D:8      | Found a shadowy altar of Dithmenos.
  4890 | D:8      | Reached skill level 5 in Fighting
  5148 | D:8      | Found a runed translucent gate.
  5148 | D:8      | Found a runed translucent gate.
  5148 | D:8      | Found a runed translucent gate.
  5148 | D:8      | Noticed Consumeair16's ghost (novice DrFi)
  5148 | D:8      | Noticed an 11-headed hydra
  5184 | D:8      | Found an iron altar of Okawaru.
  5497 | D:9      | Found a basalt altar of Yredelemnul.
  5546 | D:9      | Reached ***** piety under Cheibriados
  5580 | D:9      | Gained mutation: You occasionally lose the ability to drink
                  | potions when taking damage. [potion of mutation]
  5580 | D:9      | Gained mutation: You have a pair of small antennae on your
                  | head. [potion of mutation]
  5581 | D:9      | Lost mutation: You have a pair of small antennae on your
                  | head. [potion of mutation]
  5581 | D:9      | Lost mutation: You occasionally lose the ability to drink
                  | potions when taking damage. [potion of mutation]
  5581 | D:9      | Gained mutation: You are partially covered in large bone
                  | plates. (SH +4) [potion of mutation]
  5581 | D:9      | Gained mutation: You passively map a small area around you.
                  | [potion of mutation]
  5581 | D:9      | Lost mutation: You are partially covered in large bone
                  | plates. (SH +4) [potion of mutation]
  5582 | D:9      | Lost mutation: You passively map a small area around you.
                  | [potion of mutation]
  5582 | D:9      | Gained mutation: Your spells are a little easier to cast,
                  | but a little less powerful. [potion of mutation]
  5582 | D:9      | Gained mutation: You are partially covered in iridescent
                  | scales. (AC +2) [potion of mutation]
  5649 | D:9      | Reached skill level 5 in Invocations
  5691 | D:9      | Found a broken altar of Ashenzari.
  5865 | D:10     | Entered Level 10 of the Dungeon
  5865 | D:10     | Found a staircase to the Lair.
  5868 | D:10     | Found Pikokhlonush's CLEARANCE SALE!.
  5898 | D:10     | Bought a scroll of fog for 24 gold pieces
  5928 | Lair:1   | Entered Level 1 of the Lair of Beasts
  6032 | Lair:1   | Noticed Urug
  6044 | Lair:1   | Killed Urug
  6045 | Lair:1   | Reached XP level 11. HP: 68/105 MP: 9/13
  6072 | Lair:1   | Noticed Gastronok
  6088 | Lair:1   | Killed Gastronok
  6741 | Lair:3   | Noticed a four-headed hydra
  6750 | Lair:3   | Slain by an eight-headed hydra

Illustrated notes

Levels and vault maps discovered:
D:1:      onia_arrival_zoo_common, layout_rooms
D:2:      layout_loops_ring, uniq_robin
D:3:      layout_basic, serial_shops, nicolae_shop_bloodbath_and_beyond,
          grunt_ministairs_1, roderic_batcave
D:4:      layout_rooms, mainiacjoe_overflow_boulevard
D:5:      layout_basic, serial_shops, shop, uniq_ijyb
D:6:      cheibrodos_fertilizer, layout_loops_ring, led_sif_book,
          nicolae_gozag_seed_capital
D:7:      layout_layer_cave, mainiacjoe_overflow_catwalk_spiral,
          minmay_temple_entry_slanted, enter_ossuary_2, enter_bailey_2,
          corner_web_ring, st_stairs_6, uniq_pikel, uniq_menkaure
D:8:      layout_loops_ring, kennysheep_mini_moat,
          mainiacjoe_overflow_small_starburst, gammafunk_ghost_hydra_chop,
          minmay_fountain_box
D:9:      layout_rooms, lemuel_zombie_altar_yredelemnul,
          mainiacjoe_overflow_alcove_2
D:10:     minmay_the_grid_3x3 [minmay_the_grid_spikes, minmay_the_grid_doors,
          minmay_the_grid_square_x, minmay_the_grid_expand,
          minmay_the_grid_holed_spiral, minmay_the_grid_small_cups,
          minmay_the_grid_x, minmay_the_grid_aliased_spiral,
          minmay_the_grid_prize_diamond_cup], layout_loops_corners,
          mainiacjoe_overflow_24_doors, dpeg_oklobed_lair,
          nicolae_shop_clearance, uniq_grum, uniq_erica
Lair:1:   layout_long_grid, uniq_gastronok, uniq_urug
Lair:2:   layout_cave_pods, mainiacjoe_shoals_entry_four_pools,
          nicolae_lair_liquid_snakes, grunt_megastairs_1
Lair:3:   layout_cave_pods, nicolae_spider_entry_lesser_pyramids

Skill      XL: |  1  2  3  4  5  6  7  8  9 10 11 |
---------------+----------------------------------+-----
Fighting       | 1 2 3 4 5 6 |  6.3
Dodging        | 2 3 4 5 6 |  6.5
Unarmed Combat | 4 5 6 7 8 9 |  9.8
Shapeshifting  | 4 5 6 7 9 |  9.8
Invocations    | 1 3 4 5 6 |  6.0

Action                     |  1- 3 |  4- 6 |  7- 9 | 10-12 || total
---------------------------+-------+-------+-------+-------++-------
  Melee: Unarmed           |    86 |   159 |   207 |   254 ||   706
         Punch             |       |       |    14 |    19 ||    33
  Throw: Boomerang         |       |       |       |     1 ||     1
 Invoke: Bend Time         |       |       |     3 |     2 ||     5
    Use: Scroll            |       |     4 |     2 |    10 ||    16
         Potion            |       |       |     5 |     4 ||     9
   Stab: Sleeping          |       |     1 |       |       ||     1
 Armour: Animal skin       |    51 |   134 |   120 |   212 ||   517
         Skin              |       |       |    35 |       ||    35
  Dodge: Dodged            |    29 |   108 |    92 |   178 ||   407
